 Dungeon Crawl Stone Soup version 0.30-a0-1112-gfb780f5df6 (webtiles) character file.

Game seed: 7135224579767182543

218 Hubris850 the Chopper (level 5, -2/42 (47) HPs)
             Began as a Hill Orc Monk on Apr 19, 2023.
             Slain by an ogre
             ... wielding a +0 giant club
              (14 damage)
             ... on level 4 of the Dungeon.
             The game lasted 00:03:09 (1479 turns).

Hubris850 the Chopper (Hill Orc Monk)               Turns: 1479, Time: 00:03:09

HP:   -2/42 (47)    AC:  5    Str: 16    XL:     5   Next: 95%
MP:   5/5           EV: 11    Int: 10    God:
Gold: 42            SH:  0    Dex: 13    Spells: 4/4 levels left

rFire   . . .      SeeInvis .    a - +0 hand axe
rCold   . . .      Faith    .    d - orb {light}
rNeg    . . .      Spirit   .    e - +0 ring mail
rPois   .          Reflect  .    (no helmet)
rElec   .          Rampage  .    j - scarf {repulsion}
rCorr   .                        (no gloves)
Will    .....                    (no boots)
Stlth   +                        (no amulet)
HPRegen 0.27/turn                (no ring)
MPRegen 0.09/turn                (no ring)

@: glowing, heavily drained, repel missiles
A: no striking features
a: no special abilities


You were on level 4 of the Dungeon.
You visited 1 branch of the dungeon, and saw 3 of its levels.
You also visited: Sewer.

You collected 42 gold pieces.

Inventory:

Hand Weapons
 a - a +0 hand axe (weapon)
Missiles
 i - 3 boomerangs (quivered)
Armour
 b - a +0 robe
 d - an orb of light (worn)
 e - a +0 ring mail (worn)
 j - a scarf of repulsion (worn)
Scrolls
 f - a scroll of magic mapping {unknown}
 g - 2 scrolls of torment {unknown}
 h - a scroll of identify {unknown}
 k - a scroll of fear {unknown}
 l - a scroll of immolation {unknown}
 m - a scroll of vulnerability {unknown}
 n - a scroll of enchant weapon {unknown}
Potions
 c - a potion of ambrosia
 o - a potion of lignification {unknown}
 p - a potion of heal wounds {unknown}


   Skills:
 + Level 4.9 Fighting
 + Level 5.4 Axes
 + Level 2.8 Armour
 + Level 3.3 Dodging


You had 4 spell levels left.
You didn't know any spells.
Your spell library was empty.

Dungeon Overview and Level Annotations

Branches:
Dungeon (4/15)              Sewer (visited)
 Temple: D:4-7

Altars:
Gozag


Message History

You enter the shallow water.
Moving in this stuff is going to be slow.
You see here an adder skeleton.
An ogre comes into view. It is wielding a +0 giant club.
Found 5 gold pieces.
An orc comes into view. It is wielding a +0 club.
Found an escape hatch in the floor.
You hit the ogre but do no damage. The ogre barely misses you.
You hit the ogre.
The ogre is lightly wounded.
You completely miss the ogre.
The ogre is lightly wounded.
The ogre hits you with a +0 giant club.
You completely miss the ogre.
The ogre is lightly wounded.
The ogre closely misses you.
You hit the ogre.
The ogre is lightly wounded.
You hit the ogre but do no damage.
The ogre is lightly wounded.
You hit the orc but do no damage. The ogre hits you with a +0 giant club!
The orc hits you with a +0 club.
You hit the ogre.
The ogre is moderately wounded.
You hit the orc but do no damage. The orc hits you with a +0 club.
The ogre barely misses you.
You hit the ogre.
The ogre is heavily wounded.
You barely miss the orc. The orc hits you but does no damage.
The ogre hits you with a +0 giant club!
* * * LOW HITPOINT WARNING * * *
You hit the ogre.
The ogre is severely wounded.
You hit the orc. The orc closely misses you.
You slash the ogre!
The ogre is almost dead.
You hit the orc. The orc hits you with a +0 club.
* * * LOW HITPOINT WARNING * * *
The ogre hits you with a +0 giant club!
You die...

#................. ........####.
###.................$........#...
....###.......... ...............
.....# ........# .... .....##...
##########.....# #..# . ####
#~.~~~~~รท~.....# ... #.
##########.....##.# ...
...............#O.## #....
................@<.# .....
.##..............o..# .....
#####...........##...... ..... #
#.......###..# ....##
#.........###..# ..##
.....................#
.#....##...##.#####.>..
..#..#......### ##..


You could see an ogre and an orc.

Vanquished Creatures
  A bullfrog (D:4)
  A hound (D:4)
  A hell rat (Sewer)
  An iguana (D:4)
  3 adders
  A river rat (Sewer)
  A worm (D:2)
  2 dart slugs
  5 orcs (D:4)
  2 endoplasms (D:4)
  2 goblins
  A quokka (D:1)
  5 ball pythons
  2 frilled lizards (D:1)
  3 kobolds (D:1)
  7 rats
38 creatures vanquished.

Notes
Turn   | Place    | Note
-------+----------+-------------------------------------------
     0 | D:1      | Hubris850 the Hill Orc Monk began the quest for the Orb.
     0 | D:1      | Reached XP level 1. HP: 19/19 MP: 1/1
   341 | D:1      | Reached XP level 2. HP: 27/27 MP: 2/2
   587 | D:2      | Reached skill level 1 in Armour
   621 | D:2      | Reached XP level 3. HP: 28/33 MP: 3/3
   672 | D:2      | You fall into a shaft and drop 2 floors!
   720 | D:4      | Found an opulent altar of Gozag.
   777 | D:4      | Reached XP level 4. HP: 29/41 MP: 4/4
   909 | D:4      | Noticed a bullfrog
   919 | D:4      | Killed a bullfrog
   920 | D:4      | Reached skill level 5 in Axes
   920 | D:4      | Reached XP level 5. HP: 14/47 MP: 5/5
  1121 | D:4      | Found a glowing drain.
  1136 | Sewer    | Entered a sewer
  1468 | D:4      | Noticed an ogre
  1479 | D:4      | Slain by an ogre

Illustrated notes

Levels and vault maps discovered:
D:1:      matt_arrival_diagonals, layout_basic, reono_crystal_passage
D:2:      layout_basic, grunt_ministairs_9
D:4:      layout_cave_pools, grunt_gozag_breadcrumbs, serial_shops,
          nicolae_shop_back_alley_shop, portal_sewer_entry_d

Skill      XL: |  1  2  3  4 |
---------------+-------------+-----
Armour         | 1 2 |  2.8
Fighting       | 4 |  4.9
Dodging        | 3 |  3.3
Axes           | 5 |  5.4

Action                     |  1- 3 |  4- 6 || total
---------------------------+-------+-------++-------
  Melee: Hand axe          |    57 |    78 ||   135
 Armour: Ring mail         |    10 |     8 ||    18
  Dodge: Dodged            |    31 |    35 ||    66

Table legend: (Time is in decaauts)
 A = Elapsed time spent in this place.
 B = Non-inter-level travel time spent in this place.
 C = Inter-level travel time spent in this place.
 D = Time resting spent in this place.
 E = Time spent auto-exploring this place.
 F = Levels seen in this place.
 G = Mean time per level.
                   A        B        C        D        E       F      G
               +--------+--------+--------+--------+--------+-----+--------+
         Total |   1507 |   1489 |     18 |    212 |    827 |   4 |  376.8 |
       Dungeon |   1174 |   1156 |     18 |      0 |    827 |   3 |  391.3 |
         Sewer |    332 |    332 |      0 |    212 |      0 |   1 |  332.0 |
               +--------+--------+--------+--------+--------+-----+--------+

Top non-repeatable levels by time:
     D:1: 583 daAuts
     D:4: 499 daAuts
   Sewer: 332 daAuts
     D:2: 91 daAuts
